 Dungeon Crawl Stone Soup version 0.30.2 (webtiles) character file.

Game seed: 15823266700404536460

2 porpoise the Caller (level 1, -2/13 HPs)
             Began as a Barachi Summoner on Feb 17, 2024.
             Slain by a gnoll
             ... wielding a +0 spear
              (9 damage)
             ... on level 1 of the Dungeon.
             The game lasted 00:01:04 (50 turns).

porpoise the Caller (Barachi Summoner)                Turns: 50, Time: 00:01:05

Health: -2/13      AC:  2    Str:  9    XL:     1   Next: 40%
Magic:  1/3        EV: 12    Int: 15    God:
Gold:   0          SH:  0    Dex: 12    Spells: 3/4 levels left

rFire   . . .        (no weapon)
rCold   . . .        (no shield)
rNeg    . . .        a - +0 robe
rPois   .            (no helmet)
rElec   .            (no cloak)
rCorr   .            (no gloves)
SInv    .            (no boots)
Will    .....        (no amulet)
Stlth   ++           (no ring)
HPRegen 0.22/turn    (no ring)
MPRegen 0.08/turn

%: no passive effects
@: slow
A: amphibious, slowness 1, strong legs 1, +LOS
a: Hop


You were on level 1 of the Dungeon.
You visited 1 branch of the dungeon, and saw 1 of its levels.

Inventory:

Armour
 a - a +0 robe (worn)
Potions
 b - a potion of magic
 c - a potion of might {unknown}


   Skills:
 - Level 2.1 Dodging
 + Level 1.8 Stealth
 * Level 2.3 Spellcasting
 * Level 4.9 Summonings


You had 3 spell levels left.
You knew the following spells:

 Your Spells              Type           Power      Damage    Failure   Level
a - Summon Small Mammal   Summ           64%        N/A       2%          1

Your spell library contained the following spells:

 Spells                   Type           Power      Damage    Failure   Level
 Call Imp                 Summ           32%        N/A       4%          2
 Call Canine Familiar     Summ           16%        N/A       9%          3
 Summon Guardian Golem    Hex/Summ       9%         N/A       24%         3
 Summon Lightning Spire   Summ/Air       9%         N/A       61%         4


Dungeon Overview and Level Annotations

Branches:
Dungeon (1/15)

Altars:


Innate Abilities, Weirdness & Mutations

You are amphibious.
You cover ground slowly.
You can hop short distances.
You have an extended range of vision and can be seen from far away.


Message History

The giant cockroach is severely wounded.
The giant cockroach completely misses you.
Your rat bites the giant cockroach.
The giant cockroach dies!
The goblin hits you but does no damage.
You hit the goblin.
The goblin is moderately wounded.
Your rat barely misses the giant cockroach.
The goblin completely misses you. The gnoll misses you.
Casting: Summon Small Mammal (safe; 3% risk of failure)
Confirm with . or Enter, or press ? or * to list all spells.
You don't have enough magic to cast this spell.
Unknown command.
The giant cockroach barely misses you.
The giant cockroach barely misses your rat.
Your rat barely misses the giant cockroach.
The gnoll hits you from afar with a +0 spear!
Ouch! That really hurt!
The giant cockroach bites you but does no damage.
The giant cockroach bites your rat but does no damage.
The giant cockroach attacks as you move away!
The giant cockroach barely misses you.
Your rat bites the goblin.
The goblin dies!
The giant cockroach completely misses your rat.
Your rat bites the gnoll.
The giant cockroach bites your rat.
The giant cockroach completely misses you.
Your rat barely misses the giant cockroach.
You barely miss the giant cockroach.
The giant cockroach completely misses your rat.
The gnoll completely misses you.
The giant cockroach bites you but does no damage.
The giant cockroach bites your rat.
Your rat dies!
Your rat's corpse disappears in a puff of smoke!
You barely miss the giant cockroach. The gnoll misses you.
The giant cockroach bites you but does no damage.
You closely miss the giant cockroach. The giant cockroach barely misses you.
The gnoll hits you from afar with a +0 spear!
Ouch! That really hurt!
You die...

#.......## #..######
#..###### #.......##
##.......# ######..#
###..#######
####+######...........
#....)gB@.#.##########
........†B##.#.#
####......##>#.#
..........#.#.#
####.......#...#
#.......#####
#.......# #.......#
........#


You could see a gnoll and 2 giant cockroaches.

Vanquished Creatures (collateral kills)
  A giant cockroach (D:1)
  A goblin (D:1)
2 creatures vanquished.

Notes
Turn   | Place    | Note
-------+----------+-------------------------------------------
     0 | D:1      | porpoise the Barachi Summoner began the quest for the Orb.
     0 | D:1      | Reached XP level 1. HP: 13/13 MP: 3/3
    50 | D:1      | Slain by a gnoll

Illustrated notes

Levels and vault maps discovered:
D:1:      minmay_arrival_wavy_path, layout_basic

Action                     || total
---------------------------++-------
  Melee: Unarmed           ||     7
   Cast: Summon Small Mamm ||     3
 Armour: Robe              ||     5
  Dodge: Dodged            ||    10
